AoeStats
← Jeguinho Rural

Oasis

508511734Analyzed
2v2 RM · 11d ago on Sep 22, 2026· 24m 25s· 4 players
Game mode
Random Map
Map size
Medium (4 player)
Population
200
Speed
Normal
Resources
Standard
Victory
Conquest
Starting age
Dark Age
Ending age
Imperial Age
RankedLock teamsTeams togetherTeam positionsShared explorationLock speedFull tech treeHidden civsTurbo modeCheats
Victory
Defeat
🇫🇷 Sicilians · France
1148
+16
🇧🇷 Bohemians · Brazil
1104
+18
🇺🇸 Vietnamese · United States
1143
-17
🇺🇸 Khmer · United States
1142
-17
Reaper
6:26 Loom
8:50 Feudal Age
15:57 Double-Bit Axe
24:17 Castle Age
Bodi MIller
7:06 Loom
10:44 Feudal Age
19:32 Feudal Age
21:07 Double-Bit Axe
dorshiffe10
5:15 Loom
22:18 Feudal Age
Jeguinho Rural
0:43 Loom
11:24 Feudal Age
16:35 Castle Age
16:58 Forging
16:51 Padded Archer Armor
Connection lost

Rejoining the realm…

Still unreachable

The connection could not be restored.

Session expired

The server has moved on; the page needs a fresh start.